 Dungeon Crawl Stone Soup version 0.31-a0-978-g1e143483b6 (webtiles) character file.

Game seed: 15047201174282980066

675 sammy202020 the Ruffian (level 7, -4/36 HPs)
             Began as a Vine Stalker Shapeshifter on Oct 31, 2023.
             Slain by an orc warrior
             ... wielding a +0 hand axe
              (10 damage)
             ... on level 4 of the Dungeon.
             The game lasted 00:04:05 (2396 turns).

sammy202020 the Ruffian (Vine Stalker Shapeshifter) Turns: 2396, Time: 00:04:06

Health: -4/36      AC:  8    Str: 16    XL:     7   Next: 59%
Magic:  0/11       EV:  9    Int: 12    God:
Gold:   177        SH:  0    Dex: 20    Spells: 10/10 levels left

rFire   . .          .
                       - Unarmed
rCold   . . .        (no shield)
rNeg    . . .        f - +0 chain mail
rPois   .            (helmet currently unavailable)
rElec   .            (cloak currently unavailable)
rCorr   .            (gloves currently unavailable)
SInv    .            (boots currently unavailable)
Will    +....        (no amulet) Stlth
                     g - ring of willpower
HPRegen 1.06/turn    i - +6 ring of dexterity
MPRegen 0.12/turn

%: guardian spirit
@: beast-form
A: beast (slay +2), fangs 2, regeneration 1, magic shield, antimagic bite, no
potion heal 2
a: Begin Untransformation


You were on level 4 of the Dungeon.
You were a hulking beast.
You visited 1 branch of the dungeon, and saw 4 of its levels.

You collected 177 gold pieces.

Inventory:

Armour
 f - a +0 chain mail (worn)
 j - a +0 helmet
 s - a +2 cloak
Jewellery
 g - a ring of willpower (left hand)
 i - a +6 ring of dexterity (right hand)
Talismans
 c - a beast talisman (active)
 d - a flux talisman
Wands
 o - a wand of iceblast (11)
Scrolls
 e - a scroll of identify
 k - a scroll of noise {unknown}
 l - a scroll of immolation {unknown}
 n - a scroll of enchant weapon {unknown}
 p - a scroll of fog {unknown}
 q - a scroll of blinking {unknown}
 t - a scroll of revelation {unknown}
Potions
 a - 2 potions of brilliance
 b - a potion of lignification
 h - 3 potions of curing
 m - 2 potions of cancellation {unknown}
 r - a potion of degeneration {unknown}


   Skills:
 * Level 3.2 Fighting
 * Level 2.6 Armour
 * Level 3.3 Dodging
 * Level 4.7 Unarmed Combat
 + Level 2.0 Spellcasting
 + Level 3.7 Shapeshifting


You had 10 spell levels left.
You didn't know any spells.
Your spell library contained the following spells:

 Spells                   Type           Power      Damage    Failure   Level
 Summon Guardian Golem    Hex/Summ       1%         N/A       100%        3
 Orb of Destruction       Conj           0%         9d5       100%        7
 Spellforged Servitor     Conj/Summ      0%         N/A       100%        7


Dungeon Overview and Level Annotations

Branches:
Dungeon (4/15)
 Temple: D:4-7

Altars:

Shops:
D:4 =


Innate Abilities, Weirdness & Mutations

You are a hulking beast.
Your limbs bulge with bestial killing power. (Slay +2)
You have extremely sharp teeth.
Your natural rate of healing is unusually fast.
When hurt, damage is shared between your health and your magic reserves.
Your bite disrupts and absorbs the magic of your enemies.
Potions cannot restore your health.


Message History

The phantom is almost destroyed.
The orc throws a boomerang.
The boomerang hits you but does no damage.
The orc barely misses you.
The phantom hits you but does no damage.
You miss the phantom.
The phantom is almost destroyed.
The orc barely misses you. The orc hits you with a +0 club.
The phantom hits you.
The phantom blinks!
You blink.
You barely miss the phantom.
The phantom is severely damaged.
The phantom closely misses you.
You hit the phantom.
The phantom is almost destroyed.
The phantom hits you but does no damage.
You barely miss the phantom. You bite the phantom.
You destroy the phantom!
Your Spellcasting skill increases to level 2!
The orc hits you but does no damage.
You punch the orc warrior!
The orc warrior is moderately wounded.
You hit the orc warrior but do no damage.
The orc warrior is moderately wounded.
The orc hits you from afar with a +0 trident.
The orc hits you with a +0 club.
The orc warrior hits you with a +0 hand axe.
You hit the orc warrior.
The orc warrior is moderately wounded.
The orc barely misses you. The orc hits you with a +0 club.
The orc warrior barely misses you.
The ogre hits you with a +0 giant club!!
Ouch! That really hurt!
* * * LOW HITPOINT WARNING * * *
The orc warrior attacks as it pursues you!
The orc warrior hits you with a +0 hand axe!
* * * LOW HITPOINT WARNING * * *
The orc attacks as it pursues you! The orc hits you but does no damage.
The orc warrior attacks as it pursues you!
The orc warrior hits you with a +0 hand axe!
You die...

....................# ##..#
.....#..............###....
#...#...............#.....
.#.......................##
................#.##.......
#..$..(.o##....##..........
#......O.......#...........
##.......oo............#...
#........h....#......####.
#.........#..#####..## ##
##.....##.# ## ##< ###.
#....#.... .... ......
..... .... ...... ..#...
......... .... .# .#.
......... .# .# .........
....... #


You could see an orc warrior, an ogre and 2 orcs.

Vanquished Creatures
  Grinder (D:3)
  Sigmund (D:2)
  A phantom (D:4)
  A scorpion (D:4)
  Crazy Yiuf (D:3)
  Jessica (D:2)
  Natasha (D:3)
  2 adders (D:2)
  2 worms
  2 dart slugs (D:2)
  5 orcs
  4 bats
  5 endoplasms
  4 giant cockroaches
  9 goblins
  7 hobgoblins
  2 jackals (D:1)
  6 kobolds
  A quokka (D:1)
  3 ball pythons
  2 frilled lizards (D:1)
  2 rats
63 creatures vanquished.

Notes
Turn   | Place    | Note
-------+----------+-------------------------------------------
     0 | D:1      | sammy202020 the Vine Stalker Shapeshifter began the quest
                  | for the Orb.
     0 | D:1      | Reached XP level 1. HP: 9/9 MP: 2/2
    87 | D:1      | Reached skill level 1 in Fighting
   140 | D:1      | Reached XP level 2. HP: 14/14 MP: 3/3
   790 | D:2      | Reached XP level 3. HP: 17/18 MP: 4/4
   872 | D:2      | Noticed Sigmund
   883 | D:2      | Killed Sigmund
   884 | D:2      | Reached skill level 1 in Armour
   884 | D:2      | Reached skill level 1 in Spellcasting
   884 | D:2      | Reached XP level 4. HP: 22/23 MP: 4/6
   884 | D:2      | Reached XP level 5. HP: 26/27 MP: 4/7
   968 | D:2      | Reached XP level 6. HP: 25/31 MP: 4/8
  1125 | D:2      | Reached skill level 4 in Unarmed Combat
  1237 | D:2      | Noticed Jessica
  1240 | D:2      | Killed Jessica
  1686 | D:3      | Noticed Grinder
  1699 | D:3      | Killed Grinder
  1700 | D:3      | Reached XP level 7. HP: 35/35 MP: 8/10
  1853 | D:3      | Noticed Natasha
  1863 | D:3      | Killed Natasha
  1868 | D:3      | Identified the +5 ring mail "Utridawn" {*Corrode rN+ Will++
                  | Dex+8}
  2157 | D:3      | Found a runed translucent door.
  2158 | D:3      | Noticed Crazy Yiuf
  2200 | D:3      | Killed Crazy Yiuf
  2301 | D:4      | Found Hariestre's Jewellery Shoppe.
  2396 | D:4      | Slain by an orc warrior

Illustrated notes

Levels and vault maps discovered:
D:1:      arrival_zaba_pyramid, layout_loops_ring
D:2:      layout_loops_cross, serial_bayou_crossing, uniq_jessica, uniq_sigmund
D:3:      layout_rooms, hex_tiny, minmay_vboxes, uniq_grinder, uniq_natasha,
          uniq_crazy_yiuf_cottage
D:4:      layout_cave_pools, mainiacjoe_overflow_brackets,
          lightli_temple_of_fire, serial_shops, shop

Skill      XL: |  1  2  3  4  5  6  7 |
---------------+----------------------+-----
Fighting       | 1 2 3 |  3.2
Dodging        | 2 3 |  3.3
Armour         | 1 2 |  2.6
Spellcasting   | 1 2 |  2.0
Unarmed Combat | 4 |  4.7
Shapeshifting  | |  3.7

Action                     |  1- 3 |  4- 6 |  7- 9 || total
---------------------------+-------+-------+-------++-------
  Melee: Unarmed           |    71 |    44 |    53 ||   168
         Bite              |    20 |    10 |    14 ||    44
         Punch             |     2 |     1 |     2 ||     5
    Use: Scroll            |     2 |     2 |       ||     4
   Stab: Sleeping          |     3 |       |       ||     3
 Armour: Leather armour    |    31 |    23 |       ||    54
         Chain mail        |       |       |    55 ||    55
  Dodge: Dodged            |    57 |    31 |    22 ||   110
   Form: Beast             |     1 |       |       ||     1

Table legend: (Time is in decaauts)
 A = Elapsed time spent in this place.
 B = Non-inter-level travel time spent in this place.
 C = Inter-level travel time spent in this place.
 D = Time resting spent in this place.
 E = Time spent auto-exploring this place.
 F = Levels seen in this place.
 G = Mean time per level.
                   A        B        C        D        E       F      G
               +--------+--------+--------+--------+--------+-----+--------+
         Total |   2393 |   2393 |      0 |    179 |   1644 |   4 |  598.2 |
       Dungeon |   2393 |   2393 |      0 |    179 |   1644 |   4 |  598.2 |
               +--------+--------+--------+--------+--------+-----+--------+

Top non-repeatable levels by time:
     D:3: 817 daAuts
     D:1: 756 daAuts
     D:2: 697 daAuts
     D:4: 122 daAuts
